 Dungeon Crawl Stone Soup version 0.28-a0-1074-g3cb2360906 (webtiles) character file.

Game seed: 4203685415560211198

740 CheeseeCupcake the Cleaver (level 7, -1/41 HPs)
             Began as a Gargoyle Berserker on Dec 9, 2021.
             Was a Priest of Trog.
             Killed by divine providence
             ... invoked by an orc priest
              (13 damage)
             ... on level 5 of the Dungeon.
             The game lasted 00:11:22 (5331 turns).

CheeseeCupcake the Cleaver (Gargoyle Berserker)     Turns: 5331, Time: 00:11:22

Health: -1/41      AC: 12    Str: 23    XL:     7   Next: 75%
Magic:  7/7        EV: 26    Int: 13    God:    Trog [***...]
Gold:   216        SH:  0    Dex:  9    Spells: 6/6 levels left

rFire   . . .      SeeInvis .   m - +0 war axe
rCold   . . .      Faith    .   (no shield)
rNeg    + . .      Spirit   .   g - +0 ring mail
rPois   ∞          Reflect  .   j - +0 helmet
rElec   +          Harm     .   k - +0 cloak
rCorr   .          Rampage  .   (no gloves)
Will    .....                   (no boots)
Stlth   ..........              d - amulet of the acrobat
HPRegen 0.13/turn               A - +6 ring of intelligence
MPRegen 0.10/turn               (no ring)

@: acrobatic
A: sickness immunity, AC +4, negative energy resistance 1, electricity
resistance, torment resistance 1, petrification resistance
a: Renounce Religion, Berserk, Trog's Hand


You were on level 5 of the Dungeon.
You worshipped Trog.
Trog was most pleased with you.
You visited 1 branch of the dungeon, and saw 6 of its levels.

You collected 216 gold pieces.

Inventory:

Hand Weapons
 m - a +0 war axe (weapon)
Missiles
 l - 139 stones (quivered)
 q - 7 poisoned darts
Armour
 g - a +0 ring mail (worn)
 j - a +0 helmet (worn)
 k - a +0 cloak (worn)
Jewellery
 d - an amulet of the acrobat (around neck)
 A - a +6 ring of intelligence (left hand)
Wands
 s - a wand of flame (16)
 y - a wand of polymorph (6)
Scrolls
 c - 2 scrolls of fear {unknown}
 f - 3 scrolls of noise {unknown}
 h - a scroll of silence {unknown}
 i - 2 scrolls of identify {unknown}
 o - 2 scrolls of amnesia {unknown}
 p - a scroll of magic mapping {unknown}
 t - 2 scrolls of blinking {unknown}
 v - a scroll of holy word {unknown}
 w - 3 scrolls of teleportation {unknown}
 z - 2 scrolls of fog {unknown}
Potions
 a - a potion of cancellation {unknown}
 b - 2 potions of attraction {unknown}
 e - a potion of curing {unknown}
 n - a potion of ambrosia {unknown}
 r - 2 potions of lignification {unknown}
 u - 2 potions of brilliance {unknown}
 x - a potion of haste {unknown}


   Skills:
 - Level 3.5 Fighting
 * Level 8.0 Axes
 - Level 2.2 Armour
 - Level 1.6 Dodging


You had 6 spell levels left.
You didn't know any spells.
Your spell library was empty.

Dungeon Overview and Level Annotations

Branches:
Dungeon (6/15)
 Temple: D:4-7

Altars:


Innate Abilities, Weirdness & Mutations

You are immune to sickness and miasma.
Your stone body is resilient. (AC +4)
You are immune to poison.
You resist negative energy. (rN+)
You are resistant to electric shocks. (rElec)
You are resistant to unholy torment.
You are immune to petrification.


Message History

The orc priest mumbles some strange prayers to Beogh against you.
Beogh smites you!
The orc priest miscasts a cantrip.
You barely miss the orc priest.
The orc priest is severely wounded.
The orc priest hits you but does no damage.
You hit the orc priest but do no damage.
The orc priest is severely wounded.
The orc priest calls down the wrath of Beogh upon you.
Pain shoots through your body!
You hit the orc priest but do no damage.
The orc priest is severely wounded.
The orc priest invokes the aid of Beogh against you.
You struggle to resist.
You closely miss the orc priest.
The orc priest is severely wounded.
The orc priest invokes the aid of Beogh against you.
Pain shoots through your body!
* * * LOW HITPOINT WARNING * * *
You slash the orc priest!
You kill the orc priest!
Trog accepts your kill.
Your Axes skill increases to level 8!
The orc wizard casts a spell at you.
The magic dart hits you but does no damage.
The orc hits you but does no damage.
The orc wizard casts a spell.
The orc wizard flickers and vanishes!
Deactivating autopickup; reactivate with Ctrl-A.
You slash the orc!
You kill the orc!
Trog accepts your kill.
Things that are here:
a +0 mace; a +0 chain mail You see here a +0 rapier.
Things that are here:
a +0 club; an orc corpse The orc priest calls down the wrath of Beogh upon you.
Beogh smites you!
You die...

.............#........
.............#........
.............#..........
......###....#....###...
...###...###...###...##
###.#.....#.###.#.....#
.#...#...#...#...#
.#...#####...#...##### .
.#...#...#...#..@#...#..
###.#.....#.###)#.....#
...###...###.).###...##
##+###
....#.###.#.....#.###.#
#....) .. #..
#..o#...#...# .# #.....
####...#...#####...# #
#.....
...#...#...#...#...# .#
#...<.
....#.###o#.....#.###.#
+.....
...###...###...###...##
#.....


You could see an orc priest.

Vanquished Creatures
  The ghost of Longtemps the Covert, an amateur OpBr (D:4)
  An ogre (D:3)
  A jelly (D:4)
  4 orc priests
  Jessica (D:2)
  4 iguanas
  An orc wizard (D:3)
  A hound skeleton (D:5)
  2 gnolls
  5 adders
  A white imp (D:4)
  A worm (D:2)
  5 dart slugs
  7 orcs
  6 ball pythons
  6 bats
  5 endoplasms
  5 giant cockroaches
  4 goblins
  6 hobgoblins
  8 jackals (D:1)
  3 kobolds
  3 quokkas
  4 frilled lizards
  A quokka skeleton (D:4)
  4 rats
90 creatures vanquished.

Vanquished Creatures (others)
  2 withered plants (D:4)
2 creatures vanquished.

Grand Total: 92 creatures vanquished

Notes
Turn   | Place    | Note
-------+----------+-------------------------------------------
     0 | D:1      | CheeseeCupcake the Gargoyle Berserker began the quest for
                  | the Orb.
     0 | D:1      | Reached XP level 1. HP: 14/14 MP: 1/1
   104 | D:1      | Reached XP level 2. HP: 19/19 MP: 2/2
   172 | D:1      | Reached skill level 3 in Axes
   353 | D:1      | Reached XP level 3. HP: 16/23 MP: 3/3
   510 | D:1      | Reached ** piety under Trog
   742 | D:1      | Found a faded altar of an unknown god.
  1012 | D:2      | Noticed Jessica
  1156 | D:2      | Killed Jessica
  1157 | D:2      | Reached skill level 4 in Axes
  1157 | D:2      | Reached XP level 4. HP: 19/28 MP: 4/4
  1986 | D:3      | Reached skill level 5 in Axes
  1986 | D:3      | Reached XP level 5. HP: 17/32 MP: 5/5
  2178 | D:3      | Noticed an ogre
  2724 | D:3      | Killed an ogre
  2725 | D:3      | Reached skill level 6 in Axes
  2725 | D:3      | Reached XP level 6. HP: 37/37 MP: 6/6
  3330 | D:3      | You fall into a shaft and drop 1 floor!
  3945 | D:5      | Entered Level 5 of the Dungeon
  3960 | D:4      | Found a runed translucent door.
  3960 | D:4      | Noticed Longtemps's ghost (amateur OpBr)
  4330 | D:4      | Reached XP level 7. HP: 40/41 MP: 7/7
  4708 | D:4      | Killed Longtemps's ghost
  4709 | D:4      | Reached skill level 7 in Axes
  5181 | D:5      | Reached *** piety under Trog
  5303 | D:5      | Reached skill level 8 in Axes
  5331 | D:5      | Killed from afar by an orc priest

Illustrated notes

Levels and vault maps discovered:
D:1:      minmay_arrival_up_and_down, layout_loops_ring,
          hellmonk_ecumenical_altar_arch_garden
D:2:      layout_rooms, minmay_close_crescents, uniq_jessica
D:3:      layout_basic, serial_co_window_serial, co_window_paths_a,
          co_window_corner_a, co_window_corner_a, co_window_paths_b,
          co_window_paths_a, co_window_paths_a, co_window_corner_a,
          co_window_broadway_b, co_window_cross_4, co_window_corner_b,
          co_window_broadway_c, co_window_2corner, glass_columns_a,
          glass_columns_c, glass_columns_a, glass_columns_b, glass_columns_c,
          amcnicky_mini_pool_small
D:4:      layout_loops_ring, gammafunk_ghost_grave, minmay_tree_intersection
D:5:      nicolae_cairo_tiling, layout_gridville
D:6:      minmay_clustersquares, layout_basic, ashenzari_conservatory_becter,
          minmay_temple_entry_junction, nicolae_shop_sticking_my_neck_out

Skill      XL: |  1  2  3  4  5  6  7 |
---------------+----------------------+-----
Axes           | 3 4 5 6 8 |  8.0
Fighting       | |  3.5
Armour         | |  2.2
Dodging        | |  1.6

Action                   |  1- 3 |  4- 6 |  7- 9 || total
-------------------------+-------+-------+-------++-------
Melee: Hand axe          |   100 |    75 |       ||   175
       War axe           |       |    86 |    58 ||   144
Invok: Berserk           |       |     1 |     1 ||     2
Armor: Animal skin       |    34 |       |       ||    34
       Ring mail         |     5 |    73 |    25 ||   103
Dodge: Dodged            |    71 |   106 |    39 ||   216

Table legend: (Time is in decaauts)
 A = Elapsed time spent in this place.
 B = Non-inter-level travel time spent in this place.
 C = Inter-level travel time spent in this place.
 D = Time resting spent in this place.
 E = Time spent auto-exploring this place.
 F = Levels seen in this place.
 G = Mean time per level.
                   A        B        C        D        E       F      G
               +--------+--------+--------+--------+--------+-----+--------+
         Total |   5394 |   5249 |    145 |   1295 |   2941 |   6 |  899.0 |
       Dungeon |   5394 |   5249 |    145 |   1295 |   2941 |   6 |  899.0 |
               +--------+--------+--------+--------+--------+-----+--------+

Top non-repeatable levels by time:
     D:4: 1662 daAuts
     D:3: 1644 daAuts
     D:1: 1032 daAuts
     D:2: 673 daAuts
     D:5: 376 daAuts
     D:6: 5 daAuts
